 Dungeon Crawl Stone Soup version 0.21.1-1-g345015f (webtiles) character file.

47 kae the Insei (level 3, -2/23 HPs)
             Began as an Octopode Transmuter on May 30, 2018.
             Slain by an adder (3 damage)
             ... on level 2 of the Dungeon.
             The game lasted 00:00:59 (965 turns).

kae the Insei (Octopode Transmuter)                  Turns: 965, Time: 00:01:00

Health: -2/23      AC:  1    Str:  9    XL:     3   Next: 70%
Magic:  0/6        EV: 13    Int: 15    God:
Gold:   101        SH:  0    Dex: 13    Spells: 3/6 levels left

rFire    + . .     SeeInvis .     - Unarmed
rCold    . . .     Gourm    .   (no shield)
rNeg     . . .     Faith    .   (helmet restricted)
rPois    .         Spirit   .   (no amulet)
rElec    .         Reflect  .   g - ring of protection from fire
rCorr    .         Harm     .   (no ring)
MR       .....                  (no ring)
Stlth    ++........             (no ring)
HPRegen  0.07/turn              (no ring)
MPRegen  0.10/turn              (no ring)
                                (no ring)
                                (no ring)

@: lethally poisoned (-2 -> -10), appendage (expiring)
A: almost no armour, stealthy swim, amphibious, 8 rings, constrict 8, tentacle
spike 3, camouflage 1, gelatinous body 1
a: End Transformation


You were on level 2 of the Dungeon.
You were hungry.
One of your tentacles had a temporary spike.
You visited 1 branch of the dungeon, and saw 2 of its levels.

You collected 101 gold pieces.

Inventory:

Missiles
 a - 18 arrows
Jewellery
 g - a ring of protection from fire (left tentacle)
Scrolls
 e - a scroll of amnesia {unknown}
 h - a scroll of teleportation {unknown}
 i - a scroll of immolation {unknown}
 j - a scroll of identify {unknown}
 k - a scroll of remove curse {unknown}
Potions
 f - a potion of degeneration {unknown}
Books
 b - a book of Changes

   Spells                             Type                      Level
   a - Beastly Appendage              Transmutation                1
   b - Sticks to Snakes               Transmutation                2
   c - Spider Form                    Transmutation/Poison         3
   d - Ice Form                       Ice/Transmutation            4
   e - Blade Hands                    Transmutation                5
Comestibles
 c - 2 rations


   Skills:
 + Level 1.5 Fighting
 + Level 2.3 Dodging
 * Level 3.5 Unarmed Combat
 + Level 2.2 Spellcasting
 * Level 2.6 Transmutations


You had 3 spell levels left.
You knew the following spells:

 Your Spells              Type           Power        Failure   Level  Hunger
a - Beastly Appendage     Tmut           #.....       8%          1    #......
b - Sticks to Snakes      Tmut           #.......     11%         2    ###....


Dungeon Overview and Level Annotations

Branches:
Dungeon (2/15)

Altars:


Innate Abilities, Weirdness & Mutations

You cannot wear most types of armour.
You are very stealthy in the water. (Stealth+)
You are amphibious.
You can wear up to eight rings at the same time.
You can use your tentacles to constrict eight enemies at once.
Your skin changes colour to match your surroundings (Stealth+).
Your rubbery body absorbs attacks. (AC +1, EV +1)
One of your tentacles bears a large vicious spike.


Message History

The jackal bites you. The jackal bites you.
You miss the jackal. Your grab misses the jackal.
You pierce the jackal.
You kill the jackal!
The adder bites you.
You are lethally poisoned!
The adder poisons you!
Your transformation is almost over.
* * * LOW HITPOINT WARNING * * *
You feel sick. The adder closely misses your adder.
Your adder misses the adder.
You swap places.
The adder bites you but does no damage.
You miss the adder. Your grab misses the adder. Your squeeze misses the adder.
* * * LOW HITPOINT WARNING * * *
You feel sick. The adder bites you.
* * * LOW HITPOINT WARNING * * *
You are more poisoned.
The adder poisons you!
Your adder barely misses the adder.
The adder bites you.
You die...

#..##........# ####.
#..##...>....# ....
#..##........# #..#
#..##........# #..# .
#..##........# #†l##...
##..##........# #†......
#...#####.###.#########$####..
#.#.#####.##.SS†..†.....#
#.#..........@###########
#.#######....## ####.# ######
.....# ## ###..# .# ###..###.#
.........# ##..)##..#
..>......#


You could see an adder and a friendly adder.

Vanquished Creatures
  An adder (D:2)
  A worm (D:2)
  A dart slug (D:1)
  2 leopard geckos (D:1)
  6 goblins (D:1)
  6 hobgoblins
  3 jackals (D:2)
  4 bats
  2 frilled lizards
  A kobold (D:1)
  2 rats
29 creatures vanquished.

Vanquished Creatures (collateral kills)
  A jackal (D:2)
  A frilled lizard (D:2)
2 creatures vanquished.

Grand Total: 31 creatures vanquished

Notes
Turn   | Place    | Note
-------+----------+-------------------------------------------
     0 | D:1      | kae the Octopode Transmuter began the quest for the Orb.
     0 | D:1      | Reached XP level 1. HP: 13/13 MP: 3/3
   102 | D:1      | Reached XP level 2. HP: 13/18 MP: 5/5
   480 | D:1      | Reached XP level 3. HP: 21/23 MP: 6/6
   484 | D:1      | Learned a level 2 spell: Sticks to Snakes
   964 | D:2      | HP: 1/23 [adder (4)]
   965 | D:2      | Slain by an adder

Action                   || total
-------------------------++-------
Melee: Unarmed           ||    61
       Constrict         ||    15
       Kick              ||     8
       Tentacles         ||     8
 Cast: Beastly Appendage ||     6
       Sticks to Snakes  ||     5
  Use: Potion            ||     1
 Stab: Sleeping          ||     4
Armor: Skin              ||     8
Dodge: Dodged            ||    58
